 Dungeon Sprint DCSS version 0.24-a0-378-g94936e539c (webtiles) character file.

Game seed: 3747570804760224421

18146 Freyura the Tortoise (level 12, -6/88 HPs)
             Began as a Gargoyle Fighter on June 1, 2019.
             Was the Champion of the Shining One.
             Splashed by Nessos's acid (14 damage)
             ... in the Dungeon (Sprint IX: "|||||||||||||||||||||||||||||").
             The game lasted 00:20:03 (2243 turns).

Freyura the Tortoise (Gargoyle Fighter)             Turns: 2243, Time: 00:20:06

Health: -6/88      AC: 29    Str: 24    XL:     12   Next: 55%
Magic:  18/22      EV: 13    Int:  9    God:    the Shining One [******]
Gold:   1912       SH:  0    Dex: 13    Spells: 11/11 levels left

rFire    . . .     SeeInvis .   A - +1 great mace
rCold    . . .     Gourm    .   (shield currently unavailable)
rNeg     + + +     Faith    .   B - +2 plate armour
rPois    ∞         Spirit   .   f - +0 helmet
rElec    +         Reflect  .   z - +1 cloak
rCorr    .         Harm     .   p - +2 pair of gloves
MR       .....     NoTele   +   (no boots)
Stlth    ..........             (no amulet)
HPRegen  0.24/turn              s - +2 ring of protection
MPRegen  0.18/turn              t - +3 ring of strength

@: corroded, glowing
A: negative energy resistance 1, electricity resistance, unbreathing,
petrification resistance, rot immunity, AC +8
a: Divine Shield, Cleansing Flame, Summon Divine Warrior, Brand Weapon With Holy
Wrath, Renounce Religion


You were in the Dungeon.
You worshipped the Shining One.
The Shining One was exalted by your worship.
You were not hungry.

You visited 1 branch You collected 1912 gold pieces.

Inventory:

Hand Weapons
 o - a +2 dire flail of protection
 A - a +1 great mace (weapon)
Armour
 c - a +0 shield
 f - a +0 helmet (worn)
 p - a +2 pair of gloves (worn)
 r - a +1 scale mail
 z - a +1 cloak (worn)
 B - a +2 plate armour (worn)
 C - +1 fire dragon scales
Jewellery
 s - a +2 ring of protection (left hand)
 t - a +3 ring of strength (right hand)
 v - an uncursed ring of see invisible
 w - an uncursed amulet of harm
 x - an uncursed ring of protection from cold
 y - an uncursed ring of protection from fire
Wands
 n - a wand of iceblast (10)
Scrolls
 k - 4 scrolls of blinking
 l - 7 scrolls of remove curse
 m - 2 scrolls of amnesia
 q - 4 scrolls of enchant weapon
 u - a scroll of identify
Potions
 a - a potion of agility
 d - 2 potions of might
 e - 7 potions of curing
 g - 7 potions of heal wounds
 h - 2 potions of haste
 i - 4 potions of magic
 j - a potion of berserk rage
Comestibles
 b - 11 rations


   Skills:
 + Level 15.2 Fighting
 * Level 15.1 Maces & Flails
 + Level 15.2 Armour
 + Level 11.8 Dodging
 - Level 6.2 Shields
 + Level 14.0 Invocations


You had 11 spell levels left.
You didn't know any spells.
Your spell library was empty.

Dungeon Overview and Level Annotations

Branches:
Dungeon (1/1)

Altars:
Cheibriados
Dithmenos
Elyvilon
Fedhas
Gozag
Hepliaklqana
Kikubaaqudgha
Makhleb
Nemelex Xobeh
Okawaru
Qazlal
Ru
Sif Muna
Trog
Uskayaw
Vehumet
Wu Jian
Xom
Yredelemnul
Zin
The Shining One
Beogh
Jiyva
Lugonu

Shops:
D !!*:

Annotations:
D Nessos


Innate Abilities, Weirdness & Mutations

You are resistant to torment.
Your stone body is resilient. (AC +8)
You are immune to poison.
You resist negative energy. (rN+)
You are resistant to electric shocks. (rElec)
You can survive without breathing.
You are immune to petrification.
You are immune to rotting.


Message History

Nessos zaps a wand.
The bolt of acid hits you. The acid corrodes you!
You are splashed with acid!
Nessos unwields a +1 longbow of flaming.
It stops flaming.
Nessos hits you but does no damage.
You see here 2 arrows.
You hit Nessos but do no damage.
Nessos is severely wounded.
Nessos barely misses you. Nessos hits you but does no damage.
You hit Nessos.
Nessos is severely wounded.
Nessos blinks!
Nessos wields a +1 longbow of flaming.
It bursts into flame!
Nessos shoots an arrow.
The arrow barely misses you.
Nessos zaps a wand.
The bolt of acid hits you.
* * * LOW HITPOINT WARNING * * *
The acid corrodes you!
You are splashed with acid!
* * * LOW HITPOINT WARNING * * *
Nessos zaps a wand.
The bolt of acid hits you.
* * * LOW HITPOINT WARNING * * *
You are splashed with acid!
You die...

▓▓▓▓▓▓▓▓▓▓▓▓▓▓▓▓▓▓▓▓♣♣♣♣♣♣♣♣♣♣
.....(...(.((@((.c............
▓▓▓▓▓▓▓▓▓▓▓▓▓▓▓▓▓▓▓▓▓▓▓▓▓▓▓▓▓▓▓▓▓
)..[[[[.[[..........).))..).)....
▓▓▓▓▓▓▓▓▓▓▓▓▓▓▓▓▓▓▓▓▓▓▓▓▓▓▓▓▓▓▓▓▓
.................................
▓▓▓▓▓▓▓▓▓▓▓▓▓▓▓▓▓▓▓▓▓▓▓▓▓▓▓▓▓▓▓▓▓
.(...(())))).)....))))..∩.∩.∩)∩..
▓▓▓▓▓▓▓▓▓▓▓▓▓▓▓▓▓▓▓▓▓▓▓▓▓▓▓▓▓▓▓▓▓
...............................).


You could see Nessos.

Vanquished Creatures
  2 frost giants (D)
  Erolcha (D)
  A great orb of eyes (D)
  A catoblepas (D)
  A skeletal warrior (D)
  A wizard (D)
  2 orc knights (D)
  6 lindwurms (D)
  5 orc sorcerers (D)
  2 ugly things (D)
  A black mamba (D)
  3 spiny frogs (D)
  A komodo dragon (D)
  2 tengu conjurers (D)
  A troll (D)
  2 hippogriffs (D)
  A wyvern (D)
  A yak (D)
  Eustachio (D)
  A hungry ghost (D)
  A porcupine (D)
  2 water moccasins (D)
  An eye of draining (D)
  A black bear (D)
  An ice beast (D)
  A wolf (D)
  2 crocodiles (D)
  4 bullfrogs (D)
  A scorpion (D)
  A crimson imp (D)
  A hound (D)
  An orc priest (D)
  4 orc wizards (D)
  2 adders (D)
  A shadow imp (D)
  An adder zombie (D)
  2 worms (D)
  2 adder skeletons (D)
  A leopard gecko (D)
  9 orcs (D)
  A bat zombie (D)
  2 hobgoblins (D)
  A bat (D)
  A frilled lizard (D)
  A giant cockroach zombie (D)
  2 rats (D)
83 creatures vanquished.

Vanquished Creatures (collateral kills)
  3 orc knights (D)
  4 orc sorcerers (D)
  6 orc warriors (D)
  2 orc priests (D)
  5 orc wizards (D)
20 creatures vanquished.

Grand Total: 103 creatures vanquished

Notes
Turn   | Place    | Note
-------+----------+-------------------------------------------
     0 | D        | Freyura the Gargoyle Fighter began the quest for the Orb.
     0 | D        | Reached XP level 1. HP: 14/14 MP: 1/1
    48 | D        | Reached skill level 1 in Dodging
    48 | D        | Reached XP level 2. HP: 20/20 MP: 2/2
    67 | D        | Reached XP level 3. HP: 10/24 MP: 3/3
    83 | D        | Found a roughly hewn altar of Beogh.
    83 | D        | Found a snail-covered altar of Cheibriados.
    83 | D        | Found a shadowy altar of Dithmenos.
    83 | D        | Found a white marble altar of Elyvilon.
    83 | D        | Found a blossoming altar of Fedhas.
    83 | D        | Found an opulent altar of Gozag.
    84 | D        | Found a hazy altar of Hepliaklqana.
    85 | D        | Found a viscous altar of Jiyva.
    86 | D        | Found an ancient bone altar of Kikubaaqudgha.
    87 | D        | Found a corrupted altar of Lugonu.
    88 | D        | Found a burning altar of Makhleb.
    89 | D        | Found a sparkling altar of Nemelex Xobeh.
    90 | D        | Found an iron altar of Okawaru.
    91 | D        | Found a stormy altar of Qazlal.
    92 | D        | Found a sacrificial altar of Ru.
    93 | D        | Found a deep blue altar of Sif Muna.
    94 | D        | Found a bloodstained altar of Trog.
    95 | D        | Found a hide-covered altar of Uskayaw.
    96 | D        | Found a radiant altar of Vehumet.
    97 | D        | Found an ornate altar of the Wu Jian Council.
    98 | D        | Found a shimmering altar of Xom.
    99 | D        | Found a basalt altar of Yredelemnul.
   100 | D        | Found a glowing silver altar of Zin.
   101 | D        | Found a glowing golden altar of the Shining One.
   109 | D        | Became a worshipper of the Shining One
   160 | D        | Noticed a hungry ghost
   160 | D        | Reached * piety under the Shining One
   160 | D        | Reached ** piety under the Shining One
   175 | D        | Killed a hungry ghost
   175 | D        | Reached skill level 5 in Fighting
   175 | D        | Reached skill level 5 in Armour
   175 | D        | Reached skill level 5 in Shields
   175 | D        | Reached XP level 4. HP: 22/32 MP: 4/4
   175 | D        | Reached XP level 5. HP: 25/36 MP: 5/5
   185 | D        | Reached *** piety under the Shining One
   190 | D        | Reached XP level 6. HP: 33/41 MP: 6/6
   252 | D        | Noticed a black bear
   252 | D        | Reached **** piety under the Shining One
   257 | D        | Killed a black bear
   258 | D        | Reached ***** piety under the Shining One
   267 | D        | Reached XP level 7. HP: 41/48 MP: 7/9
   412 | D        | Noticed a komodo dragon
   412 | D        | Noticed a black mamba
   412 | D        | Noticed a yak
   412 | D        | Noticed a hippogriff
   421 | D        | Killed a komodo dragon
   421 | D        | Reached skill level 5 in Dodging
   426 | D        | Killed a black mamba
   426 | D        | Reached skill level 10 in Maces & Flails
   426 | D        | Reached skill level 5 in Invocations
   426 | D        | Reached XP level 8. HP: 23/55 MP: 9/12
   429 | D        | Noticed a spiny frog
   429 | D        | Reached ****** piety under the Shining One
   430 | D        | Killed a yak
   438 | D        | Killed a hippogriff
   450 | D        | Reached XP level 9. HP: 24/61 MP: 11/14
   453 | D        | Killed a spiny frog
   645 | D        | Noticed a spiny frog
   645 | D        | Noticed a spiny frog
   654 | D        | Reached skill level 10 in Fighting
   660 | D        | Reached skill level 10 in Armour
   665 | D        | Killed a spiny frog
   673 | D        | Killed a spiny frog
   692 | D        | Reached XP level 10. HP: 36/68 MP: 16/16
   850 | D        | Noticed a lindwurm
   850 | D        | Noticed a lindwurm
   850 | D        | Noticed a lindwurm
   850 | D        | Noticed a lindwurm
   856 | D        | Killed a lindwurm
   857 | D        | Noticed a lindwurm
   860 | D        | Noticed a lindwurm
   869 | D        | Killed a lindwurm
   882 | D        | Killed a lindwurm
   889 | D        | Killed a lindwurm
   894 | D        | Killed a lindwurm
   906 | D        | Killed a lindwurm
   906 | D        | Reached skill level 10 in Invocations
  1078 | D        | Noticed Erolcha
  1087 | D        | Killed Erolcha
  1087 | D        | Reached XP level 11. HP: 76/76 MP: 17/19
  1090 | D        | Noticed Eustachio
  1109 | D        | Killed Eustachio
  1176 | D        | Noticed an orc sorcerer
  1185 | D        | Killed an orc sorcerer
  1188 | D        | Noticed an orc knight
  1207 | D        | Killed an orc knight
  1250 | D        | Noticed an orc knight
  1250 | D        | Noticed an orc sorcerer
  1254 | D        | Noticed an orc knight
  1257 | D        | Killed an orc knight
  1261 | D        | Killed an orc sorcerer
  1262 | D        | Noticed an orc knight
  1270 | D        | Killed an orc knight
  1276 | D        | Killed an orc knight
  1276 | D        | Reached skill level 10 in Dodging
  1297 | D        | Found Ziabrua's Distillery.
  1297 | D        | Noticed an orc sorcerer
  1302 | D        | Noticed an orc sorcerer
  1304 | D        | Killed an orc sorcerer
  1305 | D        | Killed an orc sorcerer
  1309 | D        | Found Iraduimu's Distillery.
  1313 | D        | Found Dacs's Assorted Antiques.
  1315 | D        | Noticed an orc sorcerer
  1316 | D        | Found Lofadghet's Book Shoppe.
  1317 | D        | Noticed an orc sorcerer
  1318 | D        | Noticed an orc sorcerer
  1322 | D        | Noticed a sun demon
  1322 | D        | Killed an orc sorcerer
  1328 | D        | Killed an orc sorcerer
  1340 | D        | Killed an orc sorcerer
  1343 | D        | Noticed an orc sorcerer
  1344 | D        | Noticed an orc sorcerer
  1355 | D        | Killed an orc sorcerer
  1361 | D        | Killed an orc sorcerer
  1988 | D        | Noticed an orc knight
  1988 | D        | Noticed a catoblepas
  1992 | D        | Noticed a frost giant
  1995 | D        | Killed an orc knight
  2004 | D        | Noticed a skeletal warrior
  2005 | D        | Killed a catoblepas
  2010 | D        | Killed a frost giant
  2010 | D        | Reached XP level 12. HP: 58/86 MP: 0/21
  2034 | D        | Noticed a great orb of eyes
  2035 | D        | Noticed a frost giant
  2054 | D        | Killed a great orb of eyes
  2059 | D        | Killed a frost giant
  2059 | D        | Reached skill level 15 in Fighting
  2059 | D        | Reached skill level 15 in Armour
  2067 | D        | Reached skill level 15 in Maces & Flails
  2221 | D        | Noticed Nessos
  2243 | D        | Splashed by Nessos's acid

Levels and vault maps discovered:
D:        linesprint [early_d, line_temple, items_1, d_10, items_2, lair_1,
          lair_end, items_3, orc_1, orc_end, items_4, d_15, swamp_1, shoals_1,
          snake_1, spider_1, d_20, vaults_1, items_5, swamp_end, shoals_end,
          snake_end, spider_end, vaults_end, d_27, items_6, zot_1, zot_end,
          crypt_end, forest_end, elf_end, slime_end, tomb_end, abyss_end,
          pan_hell_end]

Skill      XL: |  1  2  3  4  5  6  7  8  9 10 11 12 |
---------------+-------------------------------------+-----
Maces & Flails | 3 6 7 8 10 11 13 14 15 | 15.1
Dodging        | 1 3 4 5 6 7 9 11 | 11.8
Fighting       | 4 5 6 7 8 9 10 12 14 15 | 15.2
Armour         | 4 5 6 7 8 9 10 12 14 15 | 15.2
Shields        | 4 5 6 |  6.2
Invocations    | 3 5 6 8 10 13 14 | 14.0

Action                   |  1- 3 |  4- 6 |  7- 9 | 10-12 || total
-------------------------+-------+-------+-------+-------++-------
Melee: Flail             |    48 |       |       |       ||    48
       Dire flail        |    14 |    29 |    88 |   135 ||   266
       Great mace        |       |       |       |    76 ||    76
Invok: Divine Shield     |       |       |       |     2 ||     2
       Summon Divine War |       |       |       |     2 ||     2
       Cleansing Flame   |       |       |       |     1 ||     1
  Use: Scroll            |       |       |     2 |       ||     2
       Potion            |       |       |     1 |     3 ||     4
  Eat: Ration            |     1 |       |       |     1 ||     2
       Chunk             |       |       |     2 |     3 ||     5
Armor: Scale mail        |    29 |    10 |    28 |    41 ||   108
       Plate armour      |       |       |       |    54 ||    54
Dodge: Dodged            |    16 |    16 |    29 |    89 ||   150
Block: Shield            |    22 |       |       |       ||    22
       Other             |       |       |       |    12 ||    12

Table legend:
 A = Non-vault XP
 B = Vault XP
 C = Vault XP percentage of total XP
 D = Non-vault monster count
 E = Vault monster count
 F = Vault count percentage of total count
                 A         B        C        D         E       F
            +---------+---------+-------+---------+---------+-------
      Total |       0 |   25923 | 100.0 |       0 |     103 | 100.0
            +---------+---------+-------+---------+---------+-------
          D |       0 |   25923 | 100.0 |       0 |     103 | 100.0
            +---------+---------+-------+---------+---------+-------
